 Dungeon Crawl Stone Soup version 0.20.0-15-g7f486f2 (webtiles) character file.

2319 mopl the Covert (level 9, -2/67 HPs)
             Began as a Purple Draconian Assassin on June 9, 2017.
             Was a Follower of Nemelex Xobeh.
             Slain by a hippogriff (7 damage)
             ... on level 7 of the Dungeon.
             The game lasted 00:12:34 (6468 turns).

mopl the Covert (Purple Draconian Assassin)         Turns: 6468, Time: 00:12:35

Health: -2/67      AC:  8    Str: 14    XL:     9   Next: 18%
Magic:  11/11      EV: 11    Int:  9    God:    Nemelex Xobeh [*.....]
Gold:   340        SH:  6    Dex: 16    Spells: 8/8 levels left

rFire    + . .     SeeInvis .   a - +0 short sword (elec)
rCold    + . .     Gourm    .   u - +0 buckler
rNeg     . . .     Faith    .   (armour unavailable)
rPois    .         Spirit   .   (helmet restricted)
rElec    .         Reflect  +   q - scarf {rC+ rF+}
rCorr    .         Harm     .   F - +0 pair of gloves
MR       ++...                  (no boots)
Stlth    ++++......             N - +3 amulet of reflection
Regen    0.3/turn               G - -2 ring of intelligence (curse)
MPRegen  0.2/turn               I - ring of protection from magic

@: no status effects
A: breathe power, unfitting armour, cold-blooded, AC +7
a: Breathe Dispelling Energy, Renounce Religion


You were on level 7 of the Dungeon.
You worshipped Nemelex Xobeh.
Nemelex Xobeh was aware of your devotion.
You were not hungry.

You visited 2 branches of the dungeon, and saw 8 of its levels.

You collected 340 gold pieces.

Inventory:

Hand Weapons
 a - a +0 short sword of electrocution (weapon)
 b - a +0 blowgun
 i - a +2 dagger
 k - a cursed -3 hunting sling
Missiles
 d - 8 poisoned needles
 e - 2 curare-tipped needles
 g - 170 stones (quivered)
 h - 22 sling bullets
 o - 6 tomahawks
 r - 3 needles of confusion
 J - 2 tomahawks of returning
 K - 5 silver tomahawks
Armour
 q - a scarf of resistance (worn)
 u - a +0 buckler (worn)
 F - a +0 pair of gloves (worn)
Jewellery
 v - a +2 ring of dexterity
 G - a cursed -2 ring of intelligence (left hand)
 I - a ring of protection from magic (right hand)
 N - a +3 amulet of reflection (around neck)
Wands
 x - a wand of digging (1/24)
 H - a wand of flame (29/48)
 P - a wand of polymorph (14/24)
 Y - a wand of confusion (37/48)
Scrolls
 j - a scroll of magic mapping
 w - 3 scrolls of teleportation
 y - 2 scrolls of enchant weapon {unknown}
 B - a scroll of fog {unknown}
 D - 3 scrolls of fear {unknown}
 E - a scroll of remove curse
 L - a scroll of identify
 O - a scroll of blinking
 U - a scroll of amnesia
 W - a scroll of random uselessness {unknown}
Potions
 c - 2 potions of curing
 l - 2 potions of resistance
 m - 2 potions of mutation {!q}
 s - a potion of magic
 t - 2 potions of might
 z - 4 potions of brilliance
 A - a potion of flight
 C - a potion of ambrosia
 R - a potion of lignification {!q}
 T - a potion of agility
 V - a potion of cancellation
 Z - a potion of invisibility
Miscellaneous
 M - a plain deck of summoning
 X - a plain deck of summoning
Comestibles
 f - 5 bread rations
 n - a meat ration
 p - 3 royal jellies
 Q - 3 chunks of flesh
 S - a fruit


   Skills:
 - Level 2.1 Fighting
 + Level 5.8 Short Blades
 + Level 5.2 Throwing
 - Level 0.8 Dodging
 * Level 8.8 Stealth
 + Level 3.6 Invocations
 + Level 3.8 Evocations


You had 8 spell levels left.
You didn't know any spells.

Dungeon Overview and Level Annotations

Branches:
Dungeon (7/15)             Temple (1/1) D:5

Altars:
Ashenzari
Cheibriados
Dithmenos
Elyvilon
Fedhas
Gozag
Hepliaklqana
Kikubaaqudgha
Makhleb
Nemelex Xobeh
Okawaru
Qazlal
Ru
Sif Muna
Trog
Uskayaw
Vehumet
Xom
Yredelemnul
The Shining One


Innate Abilities, Weirdness & Mutations

You can breathe bolts of dispelling energy.
Your rich purple scales are hard. (AC +7)
You cannot fit into any form of body armour.
You are cold-blooded and may be slowed by cold attacks.


Message History

The hippogriff is moderately wounded.
The hippogriff barely misses you.
The hippogriff pecks you but does no damage.
You block the hippogriff's attack.
You hit the hippogriff.
The hippogriff is moderately wounded.
The hippogriff bites you but does no damage.
The hippogriff pecks you.
* * * LOW HITPOINT WARNING * * *
You block the hippogriff's attack.
Unknown command.
You closely miss the hippogriff.
The hippogriff is moderately wounded.
The hippogriff bites you.
* * * LOW HITPOINT WARNING * * *
The hippogriff pecks you.
* * * LOW HITPOINT WARNING * * *
The hippogriff claws you!
You die...
Your body disappears without a glow.

...(......# #.###### #.#....#
....##.......#. #######.#....###
..).##.#.##........... #.#.<..#..
....##.#.##.......... #.#.#..#.#
....##.#.##...^..... #.#....#(.
....##.#.# . ...... #.###.####
######.#.###.#.##.######.........
#####.#.....#.##.#...######.####
#.....#>.......@H(..(.(........'
+.....#.#####.##.#...#(.###.####
##....########.##.# .# #.# #
......'.....†..##.# #.# #
.#....###########.# #.# ......#
#.# #.# ......# #.# #.# ......#
#.# #. .#....# #.#


You could see a hippogriff.

Vanquished Creatures
  Pikel (D:6)
  A hippogriff (D:7)
  Sigmund (D:6)
  Menkaure (D:4)
  The ghost of Paps the Sneak, an amateur OpEn (D:4)
  Edmund (D:6)
  2 slaves (D:6)
  A phantom (D:4)
  A centaur (D:6)
  An ogre (D:7)
  A bullfrog (D:6)
  4 howler monkeys
  2 hounds
  An orc priest (D:7)
  3 orc wizards
  An iguana (D:7)
  4 worker ants
  9 gnolls
  2 howler monkey skeletons
  12 adders
  2 shadow imps (D:7)
  An ooze (D:5)
  3 worms
  3 dart slugs
  5 leopard geckos
  7 orcs
  2 ball pythons
  10 bats
  3 giant cockroaches
  4 goblins
  7 hobgoblins
  5 kobolds
  4 quokkas
  5 frilled lizards
  A quokka skeleton (D:5)
  16 rats
128 creatures vanquished.

Vanquished Creatures (others)
  An ice beast (D:6)
1 creature vanquished.

Grand Total: 129 creatures vanquished

Notes
Turn   | Place    | Note
-------+----------+-------------------------------------------
     0 | D:1      | mopl the Draconian Assassin began the quest for the Orb.
     0 | D:1      | Reached XP level 1. HP: 17/17 MP: 1/1
   125 | D:1      | Reached skill level 2 in Throwing
   242 | D:1      | Reached XP level 2. HP: 18/24 MP: 2/2
   428 | D:1      | Reached skill level 4 in Stealth
   842 | D:2      | HP: 1/24 [adder (3)]
   857 | D:2      | Reached XP level 3. HP: 19/29 MP: 3/3
  1631 | D:2      | Reached XP level 4. HP: 22/36 MP: 4/4
  2182 | D:3      | Reached skill level 3 in Short Blades
  2182 | D:3      | Reached skill level 5 in Stealth
  2248 | D:3      | Reached XP level 5. HP: 20/41 MP: 5/5
  2639 | D:2      | Reached skill level 3 in Throwing
  3130 | D:2      | Reached XP level 6. HP: 48/48 MP: 6/6
  3586 | D:4      | Reached skill level 6 in Stealth
  3624 | D:4      | Noticed Menkaure
  3628 | D:4      | Killed Menkaure
  3628 | D:4      | Reached skill level 4 in Short Blades
  3628 | D:4      | Your scales start taking on a rich purple colour.
  3628 | D:4      | Reached XP level 7. HP: 41/55 MP: 7/7
  4221 | D:4      | Noticed Paps's ghost (amateur OpEn)
  4233 | D:4      | Killed Paps's ghost
  4233 | D:4      | Reached skill level 4 in Throwing
  4233 | D:4      | Reached skill level 7 in Stealth
  4366 | D:4      | Found an opulent altar of Gozag.
  4647 | D:5      | Entered Level 5 of the Dungeon
  4843 | D:5      | Found a staircase to the Ecumenical Temple.
  4849 | Temple   | Entered the Ecumenical Temple
  4905 | Temple   | Became a worshipper of Nemelex Xobeh the Trickster
  5158 | D:5      | Received a gift from Nemelex Xobeh
  5479 | D:6      | Reached skill level 1 in Evocations
  5548 | D:6      | Noticed Edmund
  5558 | D:6      | Killed Edmund
  5558 | D:6      | Reached XP level 8. HP: 56/61 MP: 7/9
  5603 | D:6      | Found a radiant altar of Vehumet.
  5608 | D:6      | Found a sacrificial altar of Ru.
  5611 | D:6      | Found a blossoming altar of Fedhas.
  5630 | D:6      | Reached * piety under Nemelex Xobeh
  5744 | D:6      | Noticed Sigmund
  5746 | D:6      | Found a snail-covered altar of Cheibriados.
  5749 | D:6      | Killed Sigmund
  5749 | D:6      | Reached skill level 5 in Short Blades
  5749 | D:6      | Reached skill level 1 in Invocations
  5749 | D:6      | Reached skill level 2 in Evocations
  6029 | D:6      | Noticed Pikel
  6038 | D:6      | Killed Pikel
  6038 | D:6      | Reached skill level 5 in Throwing
  6038 | D:6      | Reached skill level 8 in Stealth
  6038 | D:6      | Reached skill level 2 in Invocations
  6038 | D:6      | Reached skill level 3 in Evocations
  6138 | D:6      | Reached skill level 3 in Invocations
  6211 | D:7      | Received a gift from Nemelex Xobeh
  6297 | D:7      | Reached XP level 9. HP: 63/67 MP: 11/11
  6468 | D:7      | Slain by a hippogriff

Skill      XL: |  1  2  3  4  5  6  7  8 |
---------------+-------------------------+-----
Throwing       | 2 3 4 5 |  5.2
Stealth        | 4 5 6 7 8 |  8.8
Short Blades   | 3 4 5 |  5.8
Evocations     | 1 3 |  3.8
Invocations    | 3 |  3.6
Fighting       | |  2.1
Dodging        | |  0.8

Action                   |  1- 3 |  4- 6 |  7- 9 || total
-------------------------+-------+-------+-------++-------
Melee: Dagger            |   108 |       |       ||   108
       Tailslap          |     9 |    15 |    21 ||    45
       Short sword       |    63 |   137 |   179 ||   379
 Fire: Blowgun           |       |     4 |     1 ||     5
Throw: Stone             |       |     2 |     6 ||     8
 Abil: Breathe Dispellin |       |       |     1 ||     1
  Use: Scroll            |     8 |     4 |     7 ||    19
       Potion            |     1 |       |       ||     1
 Stab: Sleeping          |     8 |    12 |    13 ||    33
       Distracted        |       |       |     1 ||     1
  Eat: Chunk             |     2 |     6 |    10 ||    18
Armor: Skin              |    59 |    29 |    44 ||   132
Dodge: Dodged            |    87 |    75 |    58 ||   220
Block: Buckler           |    18 |    25 |    39 ||    82
       Reflection        |       |       |     1 ||     1
